 Dungeon Crawl Stone Soup version 0.25-a0-365-g7600c65aa0 (webtiles) character file.

Game seed: 847224865506117607, levelgen mode: deterministic

106 night the Chucker (level 4, 0/49 HPs)
             Began as an Ogre Hunter on Jan 5, 2020.
             Was an Initiate of Cheibriados.
             Killed by divine providence
             ... invoked by an orc priest
              (15 damage)
             ... on level 3 of the Dungeon.
             The game lasted 00:04:46 (2761 turns).

night the Chucker (Ogre Hunter)                     Turns: 2761, Time: 00:04:48

Health: 0/49       AC:  3    Str: 18    XL:     4   Next: 84%
Magic:  0/4        EV: 10    Int: 13    God:    Cheibriados [......]
Gold:   128        SH:  0    Dex: 10    Spells: 3/3 levels left

rFire    . . .     SeeInvis .   a - +0 short sword
rCold    . . .     Gourm    .   (no shield)
rNeg     . . .     Faith    .   b - +0 robe
rPois    .         Spirit   +   (helmet restricted)
rElec    .         Reflect  .   (no cloak)
rCorr    .         Harm     .   (gloves unavailable)
MR       .....                  (boots unavailable)
Stlth    +.........             l - amulet of guardian spirit
HPRegen  0.16/turn              (no ring)
MPRegen  0.09/turn              (no ring)

@: very slow
A: large, unfitting armour, tough skin 1
a: Bend Time, Renounce Religion


You were on level 3 of the Dungeon.
You worshipped Cheibriados.
Cheibriados was noncommittal.
You were not hungry.

You visited 1 branch of the dungeon, and saw 3 of its levels.

You collected 128 gold pieces.

Inventory:

Hand Weapons
 a - a +0 short sword (weapon)
 j - a +0 club
Missiles
 c - 3 large rocks (quivered)
 d - 2 throwing nets
 g - 28 stones
 h - 7 boomerangs
Armour
 b - a +0 robe (worn)
Jewellery
 l - an amulet of guardian spirit (around neck)
Scrolls
 e - 2 scrolls of fog {unknown}
 m - a scroll of teleportation {unknown}
 p - a scroll of remove curse {unknown}
 q - a scroll of blinking {unknown}
Potions
 i - a potion of lignification {unknown}
 o - a potion of might {unknown}
Comestibles
 f - 4 rations
 k - 3 chunks of flesh


   Skills:
 + Level 4.6 Fighting
 + Level 1.2 Maces & Flails
 + Level 4.9 Throwing
 - Level 1.7 Dodging
 - Level 0.6 Stealth


You had 3 spell levels left.
You didn't know any spells.
Your spell library was empty.

Dungeon Overview and Level Annotations

Branches:
Dungeon (3/15)

Altars:
Cheibriados
Yredelemnul
Zin


Innate Abilities, Weirdness & Mutations

You are too large for most types of armour.
You have tough skin. (AC +1)


Message History

Your Maces & Flails skill increases to level 1!
You hear a shout!
A giant cockroach comes into view.
The orc hits you with a +0 flail! The orc closely misses you.
An orc priest comes into view. It is wielding a +0 flail.
The orc priest mumbles some strange prayers to Beogh against you.
Beogh smites you!
* * * LOW HITPOINT WARNING * * *
It was a potion of curing.
You feel better. The orc barely misses you.
Throwing (i - inventory. (/) - cycle)
c - 4 large rocks (quivered)
Press: ? - help, Shift-Dir - straight line, f - orc priest
Aim: an orc priest, wielding a +0 flail You throw a large rock.
The large rock hits the orc!
You kill the orc!
Cheibriados thoroughly appreciates the change of pace.
The giant cockroach barely misses you.
The orc priest mumbles some strange prayers to Beogh against you.
Beogh smites you!
You die...

#### #.# ##...
#.# #.... #.#
#..## #o# #..#
#.# ##### #..# #
#.###...## #..#
###.#.#o##.###.##
#..# .......os@##
##.######..#
....#####.#
#.........# . #.#
#.######.## ##.
#.## #.# #...#
#.# ... ..# ####
###


You could see an orc priest, an orc and a giant cockroach.

Vanquished Creatures
  An orc wizard (D:3)
  An adder (D:2)
  A worm (D:2)
  A dart slug (D:2)
  An orc (D:3)
  12 bats
  2 giant cockroaches (D:1)
  9 goblins
  3 hobgoblins (D:1)
  11 jackals
  2 quokkas
  4 frilled lizards
  4 kobolds
  6 rats
58 creatures vanquished.

Notes
Turn   | Place    | Note
-------+----------+-------------------------------------------
     0 | D:1      | night the Ogre Hunter began the quest for the Orb.
     0 | D:1      | Reached XP level 1. HP: 22/22 MP: 1/1
   533 | D:1      | Reached XP level 2. HP: 27/31 MP: 2/2
  1050 | D:1      | Reached XP level 3. HP: 37/39 MP: 3/3
  2105 | D:2      | Reached XP level 4. HP: 44/48 MP: 4/4
  2575 | D:2      | Found a snail-covered altar of Cheibriados.
  2575 | D:2      | Found a basalt altar of Yredelemnul.
  2576 | D:2      | Found a glowing silver altar of Zin.
  2586 | D:2      | Became a worshipper of Cheibriados the Contemplative
  2757 | D:3      | Reached skill level 1 in Maces & Flails
  2761 | D:3      | Killed from afar by an orc priest

Levels and vault maps discovered:
D:1:      wander_arrival_lonely_grave, layout_loops_ring,
          chequers_serial_rivers_room_a, kennysheep_doodads, minmay_cut_off
D:2:      layout_basic, gammafunk_temple_overflow_claw, first_ration
D:3:      layout_loops_ring, ebering_ghost_gozag

Skill      XL: |  1  2  3  4 |
---------------+-------------+-----
Fighting       | 3 4 |  4.6
Maces & Flails | 1 |  1.2
Throwing       | |  4.9
Dodging        | |  1.7
Stealth        | |  0.6

Action                   |  1- 3 |  4- 6 || total
-------------------------+-------+-------++-------
Melee: Short sword       |   183 |    47 ||   230
Throw: Boomerang         |     2 |    11 ||    13
       Large rock        |     2 |     2 ||     4
  Use: Potion            |       |     1 ||     1
 Stab: Sleeping          |     3 |       ||     3
  Eat: Chunk             |     4 |     2 ||     6
Armor: Robe              |    68 |    18 ||    86
Dodge: Dodged            |   150 |    34 ||   184

Table legend:
 A = Non-vault XP
 B = Vault XP
 C = Vault XP percentage of total XP
 D = Non-vault monster count
 E = Vault monster count
 F = Vault count percentage of total count
                 A         B        C        D         E       F
            +---------+---------+-------+---------+---------+-------
      Total |     145 |       7 |   4.6 |      54 |       4 |   6.9
            +---------+---------+-------+---------+---------+-------
        D:1 |      47 |       7 |  13.0 |      29 |       4 |  12.1
        D:2 |      51 |       0 |   0.0 |      21 |       0 |   0.0
        D:3 |      47 |       0 |   0.0 |       4 |       0 |   0.0
            +---------+---------+-------+---------+---------+-------
